 Dungeon Crawl Stone Soup version 0.17-a0-1115-g0372368 (webtiles) character file.

20 futacatgirl the Sneak (level 2, -2/22 HPs)
             Began as a Naga Wizard on May 23, 2015.
             Slain by a jackal (3 damage)
             ... on level 1 of the Dungeon.
             The game lasted 00:03:29 (1219 turns).

futacatgirl the Sneak (Naga Wizard)                 Turns: 1219, Time: 00:03:30

Health: -2/22      AC:  1    Str:  9    XL:     2   Next: 79%
Magic:  0/6        EV: 10    Int: 18    God:
Gold:   60         SH:  0    Dex:  9    Spells: 1 memorised, 6 levels left

rFire  . . .     SeeInvis +     e - +0 spear
rCold  . . .     Clarity  .     a - +0 robe
rNeg   . . .     SustAt   .     (no shield)
rPois  +         Gourm    .     b - +0 hat
rElec  .         Spirit   .     (no cloak)
rCorr  .         Warding  .     (no gloves)
rMut   .         Stasis   .     (no barding)
MR     .....                    (no amulet)
Stlth  ++........               (no ring)
                                i - +1 ring of slaying

@: very slow, not resistant to hostile enchantments, unstealthy
A: see invisible, deformed body, poison resistance, slowness 2, slow metabolism
1, spit poison 2, AC +0
a: Spit Poison


You were on level 1 of the Dungeon.
You were not hungry.

You visited 1 branch of the dungeon, and saw 2 of its levels.

You collected 60 gold pieces.

Inventory:

Hand weapons
 e - a +0 spear (weapon)
   (You found it on level 1 of the Dungeon)
Armour
 a - a +0 robe (worn)
 b - a +0 hat (worn)
Jewellery
 i - a +1 ring of slaying (left hand)
   (You found it on level 1 of the Dungeon)
Potions
 h - a potion of heal wounds {unknown}
 j - a potion of might {unknown}
 o - a potion of invisibility {unknown}
Books
 c - a book of Minor Magic
Comestibles
 d - a bread ration {@e1}
 f - a meat ration {@e2}
 m - a beef jerky


   Skills:
 + Level 2.0 Dodging
 + Level 3.1 Stealth
 + Level 3.1 Spellcasting
 + Level 1.8 Conjurations
   Level 1.0 Summonings
   Level 1.0 Translocations


You had 6 spell levels left.
You knew the following spells:

 Your Spells              Type           Power        Failure   Level  Hunger
a - Magic Dart            Conj           #...         10%         1    None


Dungeon Overview and Level Annotations

Branches:
Dungeon (2/15)

Altars:


Innate Abilities, Weirdness & Mutations

You cannot wear boots.
Your serpentine skin is tough (AC +0).
You have supernaturally acute eyesight.
Armour fits poorly on your strangely shaped body.
Your system is resistant to poisons.
You cover ground very slowly.
You have a slow metabolism.
You can spit poison.


Message History

You now have 60 gold pieces (gained 15).
You see here a bat corpse.
A giant gecko comes into view.
A giant gecko is nearby!
Aim: a giant gecko (resting)
The magic dart hits the giant gecko.
You kill the giant gecko!
You now have 5/6 mp.
You can't see any susceptible monsters within range! (Use Z to cast anyway.)
f - a meat ration {@e2} A worm comes into view.
MP restored: 6
Aim: a worm The magic dart hits the worm.
You now have 5/6 mp.
Aim: a worm The magic dart hits the worm.
You now have 4/6 mp.
Aim: a worm The magic dart hits the worm.
You now have 3/6 mp.
Aim: a worm (lightly wounded)
The magic dart hits the worm.
You now have 2/6 mp.
Aim: a worm (lightly wounded)
The magic dart hits the worm.
You now have 1/6 mp.
Aim: a worm (lightly wounded)
The magic dart hits the worm.
You now have 0/6 mp.
You don't have enough magic to cast that spell.
Attack whom?
Aim: a worm (lightly wounded)
You reach to attack!
You hit the worm. You hit the worm.
A jackal comes into view.
You barely miss the worm.
The jackal moves out of view.
The worm bites you!
You take 10 damage, and have 12/22 hp.
MASSIVE DAMAGE!!
Aim: a worm (moderately wounded)
The magic dart hits the worm.
The worm bites you.
You take 3 damage, and have 9/22 hp.
You now have 0/6 mp.
A jackal comes into view.
The jackal barks!
Things that are here:
a short sword; 2 stones; a kobold corpse The jackal bites you.
A jackal comes into view.
You take 2 damage, and have 7/22 hp.
The jackal bites you.
* * * LOW HITPOINT WARNING * * *
You take 1 damage, and have 6/22 hp.
The jackal barely misses you. The jackal bites you.
* * * LOW HITPOINT WARNING * * *
There is a stone staircase leading up here.
You take 1 damage, and have 6/22 hp.
The jackal bites you.
* * * LOW HITPOINT WARNING * * *
The jackal barely misses you.
You climb upwards.
There is a stone staircase leading down here.
You take 1 damage, and have 5/22 hp.
Aim: a jackal The magic dart hits the jackal.
The jackal closely misses you.
You now have 1/6 mp.
Aim: a jackal (moderately wounded)
The magic dart hits the jackal.
The jackal misses you. The jackal bites you.
* * * LOW HITPOINT WARNING * * *
You take 2 damage, and have 3/22 hp.
You now have 0/6 mp.
Drink which item? (? for menu, Esc to quit)
You feel better. The jackal barely misses you.
You regained 6 hp, and now have 9/22 hp.
You closely miss the jackal. The jackal bites you.
You take 1 damage, and have 8/22 hp.
You miss the jackal. The jackal closely misses you.
The jackal barely misses you.
You barely miss the jackal. The jackal closely misses you.
The jackal bites you.
You take 1 damage, and have 7/22 hp.
You closely miss the jackal. The jackal closely misses you.
You miss the jackal. The jackal bites you.
* * * LOW HITPOINT WARNING * * *
The jackal bites you but does no damage.
You take 2 damage, and have 5/22 hp.
You barely miss the jackal. The jackal bites you.
* * * LOW HITPOINT WARNING * * *
You take 2 damage, and have 3/22 hp.
Aim: a jackal (moderately wounded)
The magic dart hits the jackal.
The jackal stops to sniff the ground.
The jackal barely misses you.
You now have 0/6 mp.
You barely miss the jackal. The jackal bites you.
* * * LOW HITPOINT WARNING * * *
The jackal bites you.
* * * LOW HITPOINT WARNING * * *
You take 2 damage, and have 1/22 hp.
You closely miss the jackal. The jackal bites you.
You die...

#.#####.##.........'.......
#.....#.##..##.....###.#.##
###...#.##...........).....
#.#.#.##.###.........#...
#.#..........#.#####.#...
#.#.#.##.###...###.......
#.#.#.##.≈≈≈≈≈≈≈≈≈≈≈≈≈≈≈≈
#.#[#.##h≈..8..........8.
#.#.....@≈.##############
#.#.####.≈8#.#.≈≈.#≈≈≈≈≈#
#.#.# #.≈.#.#.≈§.#≈...≈#
##.#.####.≈.#.#.≈≈.#≈.#.≈#
#..#......≈.#.#.≈≈.#≈.#.≈#
#.##.###..≈.#.#.≈≈.#≈.#.≈#
#.#### #..≈.#.'....'..#..'
#.# #..≈.#<'....'..#..' #.#
#..≈.#.#.≈≈.#≈.#.≈#


You could see a jackal.

Vanquished Creatures
  2 ball pythons (D:1)
  3 bats
  2 giant cockroaches (D:1)
  3 goblins (D:1)
  2 hobgoblins (D:1)
  A giant gecko (D:2)
  A giant newt (D:1)
  2 kobolds
  2 rats (D:1)
18 creatures vanquished.

Notes
Turn   | Place    | Note
--------------------------------------------------------------
     0 | D:1      | futacatgirl the Naga Wizard began the quest for the Orb.
     0 | D:1      | Reached XP level 1. HP: 15/15 MP: 4/4
   397 | D:1      | Reached XP level 2. HP: 22/22 MP: 4/6
   775 | D:1      | Reached skill level 2 in Dodging
  1206 | D:2      | HP: 5/22 [jackal (1)]
  1215 | D:1      | HP: 5/22 [jackal (3)]
  1218 | D:1      | HP: 2/22 [jackal (1)]
  1219 | D:1      | Slain by a jackal

Vault maps used:
D:1:      lightli_arrival_isolated_outpost
D:2:      first_bread

Action                   || total
-------------------------++-------
Melee: Spear             ||    37
 Cast: Magic Dart        ||    31
  Use: Scroll            ||     5
       Potion            ||     1

Vault maps used:
D:1:      lightli_arrival_isolated_outpost
D:2:      first_bread

Table legend:
 A = Turns spent in this place as a percentage of turns spent in the entire game.
 B = Non-inter-level travel turns spent in this place as a percentage of non-inter-level travel turns spent in the entire game.
 C = Inter-level travel turns spent in this place as a percentage of turns spent in this place.
 D = Turns resting spent in this place as a percentage of non-inter-level travel turns spent in this place.
 E = Turns spent auto-exploring this place as a percentage of non-inter-level travel turns spent in this place.
 F = Non-inter-level travel turns spent in this place divided by the number of levels of this place that you've seen.
                   A       B       C       D       E      F
               +-------+-------+-------+-------+-------+----------------------
         Total | 100.0 | 100.0 |   0.5 |   9.3 |  18.0 | 102.5
       Dungeon | 100.0 | 100.0 |   0.5 |   9.3 |  18.0 | 102.5
               +-------+-------+-------+-------+-------+----------------------

Table legend:
 A = Kills in this place as a percentage of kills in entire the game.
 B = Kills by you in this place as a percentage of kills by you in the entire game.
 C = Kills by friends in this place as a percentage of kills by friends in the entire game.
 D = Other kills in this place as a percentage of other kills in the entire game.
 E = Experience gained in this place as a percentage of experience gained in the entire game.
 F = Experience gained in this place divided by the number of levels of this place that you have seen.
                   A       B       C       D       E      F
               +-------+-------+-------+-------+-------+----------------------
         Total | 100.0 | 100.0 |  -nan |  -nan | 100.0 |  14.5
       Dungeon | 100.0 | 100.0 |  -nan |  -nan | 100.0 |  14.5
               +-------+-------+-------+-------+-------+----------------------
